[Event "November 21 Early 2023"]
[Site "https://www.chess.com"]
[Date "2023.11.21"]
[Round "4"]
[White "Jamal-Jamal-Jamal"]
[Black "Umarov, Sabir"]
[Result "1/2-1/2"]
[Board "203"]
[TimeControl "180+1"]
[BlackFideId "14200538"]
[WhiteElo "2471"]
[BlackElo "2324"]
[BlackTeam "UZB"]
[WhiteClock "0:00:18"]
[BlackClock "0:00:34"]

1. d4 c6 2. c4 g6 3. Nf3 Bg7 4. Nc3 d6 5. g3 Bg4 6. Bg2 Qb6 7. e3 e5 8. d5 Ne7 9. h3 Bxf3 10. Qxf3 O-O 11. O-O Nd7 12. Rd1 c5 13. Ne4 h6 14. g4 f5 15. Ng3 f4 16. Ne4 Nf6 17. exf4 exf4 18. Qxf4 Nxe4 19. Qxe4 Rae8 20. Bf4 Nf5 21. Qc2 Nd4 22. Rxd4 cxd4 23. Bg3 Kh7 24. Be4 Rf6 25. Bh4 Ref8 26. Bxf6 Rxf6 27. f3 d3+ 28. Qf2 Qd8 29. Bxd3 Rf4 30. Be4 Qf6 31. Qc2 Qxb2 32. Qxb2 Bxb2 33. Rb1 Bd4+ 34. Kg2 b6 35. Rb3 Rf6 36. Kf1 Be5 37. Ke2 Kg7 38. Kd3 g5 39. Ra3 Rf7 40. Ra6 Rc7 41. a4 Bf4 42. a5 bxa5 43. Rxa5 Bg3 44. Ra6 Kf6 45. c5 Rxc5 46. Rxa7 Rc1 47. Rh7 Rd1+ 48. Ke2 Re1+ 49. Kd2 Rh1 50. Rxh6+ Ke7 51. Rh7+ Kf8 52. Bf5 Bf4+ 53. Kd3 Rh2 54. Kc4 Re2 55. Be4 Re1 56. Kb5 Rc1 57. Rb7 Rc5+ 58. Kb6 Rc1 59. Ka7 Ra1+ 60. Kb8 Rc1 61. Rc7 Rxc7 62. Kxc7 Ke7 63. Kc6 Kf6 64. Kd7 Be5 65. Bf5 Kg7 66. Ke8 Bf4 67. Ke7 Be5 68. Ke6 Bf4 69. h4 Be5 70. hxg5 Bf4 71. Ke7 Bxg5+ 72. Ke6 Bf4 73. Kd7 Kf6 74. Ke8 Be5 75. Kf8 Kg5 76. Be4 Bf4 77. Kg7 Be5+ 78. Kf7 Bf4 79. Ke6 Be5 80. Kd7 Bf4 81. Ke6 Be5 82. Bc2 Bf4 83. Kf7 Be5 84. Ke6 Bf4 85. Bd3 Be5 86. Bc4 Bf4 87. Be2 Be5 88. f4+ Bxf4 89. Kf7 Be5 90. Ke6 Bf4 91. Bd3 Be5 92. Be4 Bg3 93. Bf5 Bh2 94. Kd7 Bg3 95. Ke6 Bh2 96. Kd7 Be5 97. Ke6 Bg3 98. Kd7 Bh2 99. Kc6 Be5 100. Kb5 Bf4 101. Kc4 Be5 102. Kd3 Bf4 103. Ke4 Be5 104. Kf3 Bf4 105. Kg2 Be5 106. Kf3 Bf4 107. Kg2 Be5 108. Kh1 Bf4 109. Kg2 1/2-1/2

[Event "November 21 Early 2023"]
[Site "https://www.chess.com"]
[Date "2023.11.21"]
[Round "4"]
[White "Zivic, Dragan"]
[Black "Tomaszewski, Kacper"]
[Result "1-0"]
[Board "204"]
[TimeControl "180+1"]
[WhiteFideId "904740"]
[BlackFideId "1127373"]
[WhiteElo "2073"]
[BlackElo "2211"]
[WhiteTeam "SRB"]
[BlackTeam "POL"]
[WhiteClock "0:00:57"]
[BlackClock "0:01:24"]

1. c4 e6 2. Nc3 d5 3. cxd5 exd5 4. d4 c6 5. Bf4 Nf6 6. e3 Bf5 7. Bd3 Bxd3 8. Qxd3 Bd6 9. Bxd6 Qxd6 10. Nf3 O-O 11. O-O Nbd7 12. Rfe1 Rfe8 13. Rad1 Re7 14. e4 dxe4 15. Nxe4 Nxe4 16. Rxe4 Rae8 17. Rxe7 Rxe7 18. a3 Nf6 19. Ne5 h6 20. h3 Nd7 21. Nxd7 Rxd7 22. Qe4 Qd5 23. Re1 Qxe4 24. Rxe4 Kf8 25. Kf1 Re7 26. Re3 Rxe3 27. fxe3 Ke7 28. Ke2 Ke6 29. e4 f5 30. Ke3 g5 31. b4 b6 32. g3 a6 33. h4 gxh4 34. gxh4 fxe4 35. Kxe4 Kd6 36. h5 Ke6 37. Kf4 Kd5 38. Kf5 Kxd4 39. Kg6 c5 40. bxc5 bxc5 41. Kxh6 c4 42. Kg6 c3 43. h6 c2 44. h7 c1=Q 45. h8=Q+ Ke4 46. Qe8+ Kf4 47. Qa4+ Ke5 48. Qa5+ Ke4 49. Qxa6 Qg1+ 50. Kf7 Qf2+ 51. Ke8 Qc5 52. a4 Kd5 53. Kd7 Qc4 54. Qe6+ Kc5 55. Qd6# 1-0

[Event "November 21 Early 2023"]
[Site "https://www.chess.com"]
[Date "2023.11.21"]
[Round "4"]
[White "YouShallNotPass001"]
[Black "Bokros, Albert"]
[Result "0-1"]
[Board "205"]
[TimeControl "180+1"]
[BlackFideId "710458"]
[WhiteElo "2454"]
[BlackElo "2489"]
[BlackTeam "HUN"]
[WhiteClock "0:00:59"]
[BlackClock "0:00:12"]

1. Nf3 d5 2. e3 c6 3. Be2 Bf5 4. O-O e6 5. d4 Nd7 6. c4 Ngf6 7. Nc3 Bd6 8. b4 Bxb4 9. Qb3 Bxc3 10. Qxc3 Ne4 11. Qb3 Qb6 12. c5 Qxb3 13. axb3 O-O 14. Re1 b6 15. b4 a5 16. b5 bxc5 17. bxc6 Nb8 18. Ne5 f6 19. Nd7 Nxd7 20. cxd7 c4 21. g4 Bg6 22. f3 Nc3 23. Bf1 Rfd8 24. Bd2 Nb5 25. Bxa5 Rxd7 26. Bb6 Rxa1 27. Rxa1 Rb7 28. Bc5 h6 29. e4 Nc3 30. Ra3 Nb5 31. Ra8+ Kh7 32. Ra1 dxe4 33. Bxc4 exf3 34. Bxe6 Nc3 35. d5 Rb2 36. d6 Rg2+ 37. Kf1 Bd3+ 38. Ke1 Re2+ 39. Kf1 Rxe6+ 40. Kf2 Ne4+ 41. Kxf3 Nxc5 42. Ra5 Rxd6 43. Rxc5 Bg6 44. h4 Rd3+ 45. Kf4 Rd4+ 46. Kf3 Bf7 47. h5 Bd5+ 48. Kg3 Be6 49. Kf3 Bxg4+ 50. Kg3 Be6 51. Kf2 Bf7 52. Kg3 Bxh5 53. Rxh5 Re4 54. Rc5 Re5 55. Rc6 g5 56. Kg4 Kg6 57. Rc8 h5+ 58. Kg3 Kf5 59. Rc4 h4+ 60. Kh3 Re3+ 61. Kh2 Re4 62. Rc3 Kg4 63. Rc6 f5 64. Rc3 f4 65. Kg2 Re2+ 66. Kg1 f3 67. Kf1 Ra2 68. Rc5 h3 69. Rc8 h2 70. Rh8 Ra1+ 71. Kf2 h1=Q 72. Rxh1 Rxh1 0-1

[Event "November 21 Early 2023"]
[Site "https://www.chess.com"]
[Date "2023.11.21"]
[Round "4"]
[White "Malikova777"]
[Black "Filippova, Margarita"]
[Result "1-0"]
[Board "206"]
[TimeControl "180+1"]
[BlackFideId "34199680"]
[WhiteElo "2272"]
[BlackElo "1916"]
[BlackTeam "RUS"]
[WhiteClock "0:00:12"]
[BlackClock "0:00:14"]

1. d4 d5 2. c4 e6 3. Nc3 c6 4. cxd5 exd5 5. Qc2 Nf6 6. Bg5 h6 7. Bh4 Be7 8. e3 O-O 9. Bd3 Nbd7 10. Nf3 Re8 11. O-O Ne4 12. Bxe7 Qxe7 13. Bxe4 dxe4 14. Nd2 Nf6 15. a3 Bf5 16. b4 a6 17. Nc4 Nd5 18. Nxd5 cxd5 19. Nb6 Rad8 20. Rac1 h5 21. Qc5 Qg5 22. Nxd5 Kh7 23. Nf4 h4 24. h3 Qf6 25. Rfd1 g5 26. Nd5 Rxd5 27. Qxd5 g4 28. Rc5 Kg6 29. hxg4 Bxg4 30. Rdc1 h3 31. gxh3 Bf3 32. Qxb7 Rg8 33. Kf1 Qh4 34. Rc6+ f6 35. Qd7 Qg5 36. Ke1 Qg1+ 37. Kd2 Qxf2+ 38. Kc3 Qxe3+ 39. Kb2 Qd2+ 40. R1c2 Qd3 41. Qd6 Bd1 42. Qxf6+ Kh7 43. Qh6# 1-0

[Event "November 21 Early 2023"]
[Site "https://www.chess.com"]
[Date "2023.11.21"]
[Round "4"]
[White "cycygogne"]
[Black "Sharafiev, Azat"]
[Result "0-1"]
[Board "207"]
[TimeControl "180+1"]
[BlackFideId "4186214"]
[WhiteElo "2271"]
[BlackElo "2306"]
[BlackTeam "RUS"]
[WhiteClock "0:01:03"]
[BlackClock "0:02:07"]

1. Nf3 Nf6 2. b3 d5 3. Bb2 g6 4. e3 Bg7 5. Be2 O-O 6. O-O c5 7. Ne5 Nc6 8. f4 Nd7 9. Nxc6 bxc6 10. Bxg7 Kxg7 11. c4 Nf6 12. Qc2 Bf5 13. d3 Qd6 14. Nd2 e5 15. fxe5 Qxe5 16. Rf3 Ng4 17. Nf1 Rae8 18. Qd2 Qxa1 19. e4 dxe4 20. dxe4 Rxe4 21. Bd3 Qd4+ 22. Kh1 Rd8 23. Rxf5 Qxd3 0-1

[Event "November 21 Early 2023"]
[Site "https://www.chess.com"]
[Date "2023.11.21"]
[Round "4"]
[White "Skurikhin, Dmitrij"]
[Black "ilya2700"]
[Result "1-0"]
[Board "208"]
[TimeControl "180+1"]
[WhiteFideId "4161297"]
[WhiteElo "2197"]
[BlackElo "2228"]
[WhiteTeam "RUS"]
[WhiteClock "0:00:10"]
[BlackClock "0:00:00"]

1. d4 Nf6 2. Nf3 g6 3. c4 Bg7 4. Nc3 O-O 5. e4 d6 6. Be2 c5 7. O-O cxd4 8. Nxd4 Nc6 9. Be3 Bd7 10. f3 Nxd4 11. Bxd4 Bc6 12. Kh1 Nd7 13. Bxg7 Kxg7 14. b4 b6 15. Qd4+ Kg8 16. a4 Qc7 17. a5 Nf6 18. b5 Bd7 19. Ra4 Be6 20. Rfa1 Rab8 21. axb6 axb6 22. Nd5 Bxd5 23. cxd5 Nd7 24. Ra7 Rb7 25. Rxb7 Qxb7 26. h4 Ra8 27. Ra6 Nc5 28. Rxa8+ Qxa8 29. h5 Qa2 30. h6 f6 31. Qe3 Qa1+ 32. Kh2 Qe5+ 33. Kg1 f5 34. Qa3 fxe4 35. Qa8+ Kf7 36. fxe4 Qxe4 37. Bf3 Qe3+ 38. Kh2 Qxh6+ 39. Kg3 Qg5+ 40. Kh2 Qf4+ 41. Kg1 Qd4+ 42. Kh2 Qe5+ 43. Kg1 Qd4+ 44. Kh2 g5 45. Qc8 Qf4+ 46. Kg1 Qe3+ 47. Kh2 Qf4+ 48. Kg1 Nd3 49. Qe6+ Kf8 50. Qc8+ Kg7 51. Qe6 Qf6 52. Qe3 Ne5 53. Qxb6 Nxf3+ 54. gxf3 Qxf3 55. Qc6 g4 56. Qc2 g3 57. Qb2+ Kf7 58. b6 Qe3+ 59. Kg2 Qe4+ 60. Kxg3 Qe3+ 61. Kg2 Qe4+ 62. Kf2 Qf5+ 63. Ke1 Qc8 64. b7 Qb8 65. Qb6 1-0

[Event "November 21 Early 2023"]
[Site "https://www.chess.com"]
[Date "2023.11.21"]
[Round "4"]
[White "Nechitaylo_Nikita"]
[Black "Mejia, Cherry Ann"]
[Result "0-1"]
[Board "209"]
[TimeControl "180+1"]
[BlackFideId "5206880"]
[WhiteElo "2197"]
[BlackElo "2009"]
[BlackTeam "PHI"]
[WhiteClock "0:00:15"]
[BlackClock "0:01:28"]

1. d4 d5 2. c4 dxc4 3. Nc3 a6 4. e3 b5 5. a4 b4 6. Na2 e6 7. Bxc4 Bb7 8. Nf3 c5 9. O-O Nf6 10. Bd2 Nbd7 11. dxc5 Bxc5 12. Bxb4 Bxb4 13. Nxb4 Qb6 14. Nc2 O-O 15. Ncd4 Rac8 16. Bd3 Rfd8 17. Rc1 Nc5 18. Bc2 Qxb2 19. Rb1 Qc3 20. Qe2 Bxf3 21. Nxf3 Rb8 22. Rxb8 Rxb8 23. Rc1 Qb2 24. Rb1 Qxb1+ 25. Bxb1 Rxb1+ 26. Ne1 Nd3 27. Kf1 Rxe1+ 28. Qxe1 Nxe1 29. Kxe1 Kf8 30. Kd2 Ke7 31. Kc3 Nd5+ 32. Kc4 Kd6 33. g3 Nb6+ 34. Kb4 Kc7 35. e4 Kc6 36. f4 f6 37. g4 e5 38. f5 Nd7 39. h4 Nc5 40. g5 Nxe4 41. g6 h6 42. Ka5 Kb7 0-1

[Event "November 21 Early 2023"]
[Site "https://www.chess.com"]
[Date "2023.11.21"]
[Round "4"]
[White "campochess"]
[Black "Burovic00"]
[Result "1-0"]
[Board "210"]
[TimeControl "180+1"]
[WhiteElo "2186"]
[BlackElo "2349"]
[WhiteClock "0:00:17"]
[BlackClock "0:00:01"]

1. c4 g6 2. d4 Bg7 3. Nc3 d6 4. Nf3 Nd7 5. e4 e5 6. Be3 Nh6 7. h3 f6 8. Be2 O-O 9. O-O c6 10. Qc2 f5 11. dxe5 dxe5 12. Rad1 f4 13. Bc5 Re8 14. Bd6 Nf7 15. c5 Nxd6 16. Rxd6 Bf8 17. Bc4+ Kh8 18. Rfd1 Bxd6 19. Rxd6 Qe7 20. b4 Nf8 21. Ne2 Bd7 22. Qc3 Rad8 23. Nxf4 Qg7 24. Nd3 Be6 25. Ndxe5 Rxd6 26. cxd6 Bxc4 27. Qxc4 Rxe5 28. Nxe5 Qxe5 29. Qf7 Qxd6 30. Qxb7 Ne6 31. Qxa7 Nf4 32. Qe3 Qd1+ 33. Kh2 Ne2 34. f4 Kg7 35. f5 Qd6+ 36. g3 Nd4 37. e5 Nxf5 38. exd6 Nxe3 39. d7 1-0

[Event "November 21 Early 2023"]
[Site "https://www.chess.com"]
[Date "2023.11.21"]
[Round "4"]
[White "Dilmukhametov, Artur"]
[Black "Osiecki, Stanislaw"]
[Result "1-0"]
[Board "212"]
[TimeControl "180+1"]
[WhiteFideId "24179922"]
[BlackFideId "1102990"]
[WhiteElo "2176"]
[BlackElo "2048"]
[WhiteTeam "RUS"]
[BlackTeam "POL"]
[WhiteClock "0:00:17"]
[BlackClock "0:00:00"]

1. e4 e6 2. d4 d5 3. e5 c5 4. c3 Nc6 5. Nf3 Qb6 6. a3 c4 7. Nbd2 Na5 8. Rb1 Bd7 9. g3 O-O-O 10. h4 h6 11. Bh3 Kb8 12. O-O Rc8 13. Ne1 Ne7 14. Nc2 Nec6 15. Nb4 Nxb4 16. axb4 Nc6 17. b3 cxb3 18. Nxb3 a5 19. bxa5 Nxa5 20. Nd2 Qa6 21. Bb2 Nc4 22. Nxc4 Qxc4 23. Bg4 Bb5 24. Re1 Qc6 25. Ba1 Ba6 26. Qd2 Be7 27. Qa2 h5 28. Bd1 g5 29. Ba4 Qc4 30. Bb3 Qc7 31. Bxd5 exd5 32. Qxa6 gxh4 33. Kg2 hxg3 34. fxg3 Qc6 35. Rb6 Qd7 36. Reb1 Rc7 37. R1b5 1-0

[Event "November 21 Early 2023"]
[Site "https://www.chess.com"]
[Date "2023.11.21"]
[Round "4"]
[White "Ongut, Tamas Gunes"]
[Black "Rutten, Alexander"]
[Result "0-1"]
[Board "213"]
[TimeControl "180+1"]
[WhiteFideId "770280"]
[BlackFideId "1052063"]
[WhiteElo "2148"]
[BlackElo "2124"]
[WhiteTeam "HUN"]
[BlackTeam "NED"]
[WhiteClock "0:00:28"]
[BlackClock "0:00:24"]

1. Nh3 d5 2. Nf4 e5 3. Nh5 g6 4. Ng3 Bg7 5. d3 Ne7 6. h4 h5 7. Nc3 Nbc6 8. e4 d4 9. Nce2 Be6 10. f4 Qd7 11. fxe5 Nxe5 12. Nf4 Ng4 13. Be2 Ne3 14. Bxe3 dxe3 15. c3 Be5 16. O-O Qd6 17. Nxe6 Qxe6 18. Rf3 f5 19. d4 Bxg3 20. Rxg3 Qxe4 21. Bf3 Qxh4 22. Rh3 Qf2+ 23. Kh1 O-O-O 24. Qb3 c6 25. Qa3 Nd5 26. Qxa7 Nc7 27. d5 Nxd5 28. Bxd5 cxd5 29. Rxe3 Rhe8 30. Qa8+ Kc7 31. Qa5+ Kb8 32. Re7 Qh4+ 0-1

[Event "November 21 Early 2023"]
[Site "https://www.chess.com"]
[Date "2023.11.21"]
[Round "4"]
[White "Pasmendjambvirgulptipon98"]
[Black "Nilsen, Tobias Lang"]
[Result "0-1"]
[Board "214"]
[TimeControl "180+1"]
[BlackFideId "1521624"]
[WhiteElo "2215"]
[BlackElo "2221"]
[BlackTeam "NOR"]
[WhiteClock "0:00:00"]
[BlackClock "0:00:16"]

1. c4 c5 2. Nc3 g6 3. Nf3 Bg7 4. d3 Nc6 5. g3 d6 6. Bg2 Bf5 7. O-O Qd7 8. e4 Bh3 9. Bxh3 Qxh3 10. Ng5 Qd7 11. f4 Nf6 12. Nd5 h6 13. Nf3 e6 14. Nxf6+ Bxf6 15. Rb1 O-O 16. Be3 b6 17. f5 Bg7 18. fxg6 fxg6 19. Qe2 d5 20. Nh4 Kh7 21. Qg4 Ne5 22. Qe2 g5 23. Ng2 g4 24. Nf4 Nf3+ 25. Kh1 dxe4 26. dxe4 Rad8 27. h3 e5 28. Nd5 Qe6 29. Rbd1 h5 30. hxg4 hxg4 31. Kg2 Kg6 32. Bc1 Rh8 33. Rh1 Qf7 34. Qe3 Rdf8 35. Rdf1 Qe6 36. Nc7 Qd7 37. Nd5 b5 38. b3 bxc4 39. bxc4 Qa4 40. Qxc5 Rxh1 41. Rxh1 Qc2+ 42. Qf2 Ne1+ 43. Rxe1 Qxf2+ 0-1

[Event "November 21 Early 2023"]
[Site "https://www.chess.com"]
[Date "2023.11.21"]
[Round "4"]
[White "EdmundPlayer"]
[Black "FunnyDuck66"]
[Result "1-0"]
[Board "215"]
[TimeControl "180+1"]
[WhiteElo "2196"]
[BlackElo "2475"]
[WhiteClock "0:00:08"]
[BlackClock "0:00:00"]

1. Nc3 Nf6 2. e4 d6 3. d4 Nbd7 4. Nf3 e5 5. Bc4 Be7 6. O-O O-O 7. Re1 c6 8. a4 Qc7 9. b3 b6 10. Bb2 a5 11. d5 c5 12. Nb5 Qd8 13. Nh4 g6 14. f4 exf4 15. e5 Ng4 16. Qxg4 Nxe5 17. Qxf4 Bxh4 18. Rxe5 dxe5 19. Qxe5 f6 20. Qe4 Bg5 21. d6+ Kg7 22. Qxa8 Qd7 23. Re1 Bb7 24. Re7+ Qxe7 25. dxe7 Rxa8 26. Nd6 Bc6 27. Bb5 Bxb5 28. axb5 1-0

[Event "November 21 Early 2023"]
[Site "https://www.chess.com"]
[Date "2023.11.21"]
[Round "4"]
[White "Jesseinkman"]
[Black "kingapolak"]
[Result "1-0"]
[Board "216"]
[TimeControl "180+1"]
[WhiteElo "2469"]
[BlackElo "2188"]
[WhiteClock "0:01:56"]
[BlackClock "0:01:19"]

1. e4 c5 2. Nf3 Nc6 3. d4 cxd4 4. Nxd4 g6 5. Nc3 Bg7 6. Be3 Nf6 7. Nxc6 bxc6 8. e5 Ng8 9. Bd4 Qa5 10. Bc4 Bxe5 11. O-O Nf6 12. Re1 Bxd4 13. Qxd4 O-O 14. Rxe7 Qf5 15. Bd3 Qg5 16. h4 c5 17. hxg5 cxd4 18. gxf6 dxc3 19. bxc3 d5 20. c4 Be6 21. cxd5 Bxd5 22. c4 Be6 23. c5 Rfd8 24. Be4 Rac8 25. c6 a5 26. c7 Rd7 27. Rxd7 Bxd7 28. Rc1 Re8 29. Bb7 Bc8 30. Bxc8 Rxc8 31. Rd1 1-0

[Event "November 21 Early 2023"]
[Site "https://www.chess.com"]
[Date "2023.11.21"]
[Round "4"]
[White "Estrada Nieto, Julian"]
[Black "missponyo10"]
[Result "1/2-1/2"]
[Board "217"]
[TimeControl "180+1"]
[WhiteFideId "5101018"]
[WhiteElo "2161"]
[BlackElo "2171"]
[WhiteTeam "ESP"]
[WhiteClock "0:00:09"]
[BlackClock "0:00:28"]

1. e4 c5 2. Nf3 d6 3. d4 cxd4 4. Qxd4 Nc6 5. Bb5 Bd7 6. Bxc6 Bxc6 7. Nc3 Nf6 8. Bg5 e6 9. O-O-O Be7 10. Rhe1 O-O 11. Kb1 Qc7 12. Qd2 Rad8 13. Nd4 a6 14. f3 b5 15. g4 Rfe8 16. Nce2 Bb7 17. Ng3 Nd7 18. Nh5 Ne5 19. Bxe7 Qxe7 20. b3 Rc8 21. h3 Nc6 22. Nxc6 Rxc6 23. Qb4 Rec8 24. Rd2 g6 25. Nf4 Qc7 26. Rc1 Ba8 27. g5 Rb8 28. h4 Rc4 29. Qxd6 Qb7 30. h5 Rc6 31. Qe5 Qc7 32. Qxc7 Rxc7 33. Rcd1 Rcc8 34. h6 a5 35. Rd7 a4 36. Ra7 axb3 37. axb3 Bc6 38. Rd6 Be8 39. Nd3 Rc3 40. f4 Rbc8 41. Nb4 Rf3 42. Nd3 Re3 43. Rd4 Bc6 44. Nc5 Be8 45. b4 Re1+ 46. Kb2 Re2 47. e5 Rf2 48. Kb3 Rf3+ 49. c3 Rf1 50. Ra2 Rb1+ 51. Rb2 Ra1 52. Ra2 Rb1+ 53. Kc2 Rh1 54. Kb3 Rb1+ 1/2-1/2

[Event "November 21 Early 2023"]
[Site "https://www.chess.com"]
[Date "2023.11.21"]
[Round "4"]
[White "hristos03"]
[Black "LionKing2367890"]
[Result "0-1"]
[Board "218"]
[TimeControl "180+1"]
[WhiteElo "2399"]
[BlackElo "2162"]
[WhiteClock "0:00:03"]
[BlackClock "0:00:15"]

1. e4 e5 2. Nf3 Nc6 3. Bb5 a6 4. Ba4 Nf6 5. O-O Be7 6. Re1 b5 7. Bb3 O-O 8. a4 b4 9. a5 d6 10. d3 Rb8 11. h3 Be6 12. Nbd2 Ne8 13. Bxe6 fxe6 14. Nc4 g6 15. d4 exd4 16. Nxd4 Nxd4 17. Qxd4 c5 18. Qd3 d5 19. exd5 exd5 20. Ne5 Qd6 21. Bh6 Ng7 22. Rad1 Rbd8 23. Ng4 Rf5 24. Qe3 Bf8 25. b3 Nh5 26. Qe6+ Qxe6 27. Rxe6 Rd6 28. Re8 Ng7 29. Rc8 d4 30. Re1 Ne6 31. Re5 Rxe5 32. Nxe5 Rd5 33. Nd3 Kf7 34. Bxf8 Nxf8 35. Nxc5 Ne6 36. Nxe6 Kxe6 37. Rc6+ Rd6 38. Rc8 d3 39. cxd3 Rxd3 40. Rc6+ Kd5 41. Rxa6 Rxb3 42. Rb6 Kc4 43. a6 Ra3 44. Rb7 Rxa6 45. Rxh7 Rb6 46. Rc7+ Kd3 47. Rd7+ Ke4 48. Re7+ Kf5 49. Re1 b3 50. Rb1 Ke4 51. Kf1 Kd3 52. g4 Kc2 53. Re1 b2 54. Kg2 b1=Q 55. Rxb1 Rxb1 56. Kg3 Rb3+ 57. Kf4 Rb5 58. Kg3 Kd2 59. f4 Ke3 60. h4 Rb4 61. f5 gxf5 62. gxf5 Rf4 0-1

[Event "November 21 Early 2023"]
[Site "https://www.chess.com"]
[Date "2023.11.21"]
[Round "4"]
[White "Goldin, Roman"]
[Black "Levine, David"]
[Result "1-0"]
[Board "219"]
[TimeControl "180+1"]
[WhiteFideId "2803860"]
[BlackFideId "2011611"]
[WhiteElo "2312"]
[BlackElo "2140"]
[WhiteTeam "ISR"]
[BlackTeam "USA"]
[WhiteClock "0:00:54"]
[BlackClock "0:00:00"]

1. e4 e5 2. Nf3 Nc6 3. d4 exd4 4. c3 d5 5. exd5 Qxd5 6. Be2 Nf6 7. cxd4 Bb4+ 8. Nc3 Ne4 9. Bd2 Bxc3 10. bxc3 Na5 11. O-O O-O 12. Ne5 Nxd2 13. Qxd2 c5 14. Bf3 Qd6 15. Rfe1 cxd4 16. cxd4 Nc6 17. Nxc6 bxc6 18. Rac1 Bd7 19. Re5 Rfd8 20. Qe3 g6 21. h4 Rab8 22. h5 Rb4 23. d5 c5 24. h6 Rd4 25. g3 1-0

[Event "November 21 Early 2023"]
[Site "https://www.chess.com"]
[Date "2023.11.21"]
[Round "4"]
[White "Kozelov, Roman"]
[Black "Novikova, Anna"]
[Result "1-0"]
[Board "220"]
[TimeControl "180+1"]
[WhiteFideId "14133377"]
[BlackFideId "4146794"]
[WhiteElo "2149"]
[BlackElo "2110"]
[WhiteTeam "UKR"]
[BlackTeam "MNE"]
[WhiteClock "0:01:30"]
[BlackClock "0:00:04"]

1. e4 e5 2. Nf3 Nc6 3. c3 d5 4. exd5 Qxd5 5. Qa4 e4 6. Bc4 Qa5 7. Qb3 exf3 8. Bxf7+ Kd8 9. d4 Nxd4 10. Qd1 Qe5+ 11. Be3 fxg2 12. Rg1 Ke7 13. Bxg8 Rxg8 14. cxd4 Qxh2 15. Kd2 Be6 16. Nc3 c6 17. Qf3 Qh3 18. Qe4 g6 19. Rxg2 Bg7 20. Rg5 Bh6 21. Rh1 Qxh1 22. Qxh1 1-0

[Event "November 21 Early 2023"]
[Site "https://www.chess.com"]
[Date "2023.11.21"]
[Round "4"]
[White "Buchenau, Frank"]
[Black "Ghosh, Chanchal Kumer"]
[Result "0-1"]
[Board "221"]
[TimeControl "180+1"]
[WhiteFideId "4604350"]
[BlackFideId "10201858"]
[WhiteElo "2157"]
[BlackElo "2067"]
[WhiteTeam "GER"]
[BlackTeam "BAN"]
[WhiteClock "0:00:00"]
[BlackClock "0:00:04"]

1. e4 c5 2. Nf3 d6 3. Bb5+ Bd7 4. Bxd7+ Qxd7 5. c4 Nc6 6. d4 cxd4 7. Nxd4 Nf6 8. Nc3 e6 9. O-O Be7 10. b3 O-O 11. Bb2 a6 12. Nxc6 Qxc6 13. Qd3 Ng4 14. Qg3 Ne5 15. f4 Ng6 16. f5 Ne5 17. f6 Bxf6 18. Rxf6 b5 19. cxb5 axb5 20. Rf2 b4 21. Na4 Qxe4 22. Bxe5 dxe5 23. Rd1 Rad8 24. Rfd2 Rd4 25. Rxd4 exd4 26. Qd3 Qxd3 27. Rxd3 e5 28. g4 f5 29. gxf5 Rxf5 30. Nc5 Kf7 31. Kg2 Ke7 32. Rf3 Rh5 33. Rh3 Rg5+ 34. Rg3 Rxg3+ 35. Kxg3 Kd6 36. Ne4+ Kd5 37. Kf3 h6 38. h4 g6 39. Nf6+ Ke6 40. Ng4 Kd5 41. Nf6+ Ke6 42. Ne4 Kd5 43. Ng3 g5 44. h5 Ke6 45. Ke4 Kf6 46. Nf5 g4 47. Nxh6 g3 48. Nf5 g2 49. Nh4 g1=Q 50. Nf3 Qe3+ 0-1

[Event "November 21 Early 2023"]
[Site "https://www.chess.com"]
[Date "2023.11.21"]
[Round "4"]
[White "Elbebiber"]
[Black "Dwilewicz, Katarzyna"]
[Result "1/2-1/2"]
[Board "222"]
[TimeControl "180+1"]
[BlackFideId "1148486"]
[WhiteElo "2131"]
[BlackElo "2098"]
[BlackTeam "POL"]
[WhiteClock "0:00:06"]
[BlackClock "0:00:05"]

1. d4 c6 2. Bf4 g6 3. e3 Bg7 4. Nf3 d6 5. Be2 Nf6 6. h3 O-O 7. O-O Nbd7 8. Re1 Re8 9. Bg3 Ne4 10. Bh2 f5 11. Nbd2 Ndf6 12. Nxe4 Nxe4 13. Nd2 Nxd2 14. Qxd2 e5 15. dxe5 dxe5 16. Qxd8 Rxd8 17. Rad1 Be6 18. a3 Kf7 19. Rxd8 Rxd8 20. Rd1 Rd5 21. Rxd5 cxd5 22. c3 Ke7 23. Kf1 Kd6 24. Ke1 Kc5 25. Kd2 a5 26. f3 a4 27. Bg1 Kc6 28. Bf2 Bh6 29. Kc2 g5 30. g4 f4 31. exf4 gxf4 32. Bd3 Bg8 33. Bf5 Bg5 34. h4 Be7 35. h5 h6 36. Kd2 Bf7 37. Bc2 b5 38. Bf5 Kd6 39. Bb6 Bh4 40. Ba7 Be6 41. Bb8+ Ke7 42. Bxe5 Bxf5 43. gxf5 Bg3 44. Kd3 Kd7 45. Kd4 Bf2+ 46. Kd3 Be3 47. Bg7 Ke7 48. f6+ Kf7 49. Bxh6 Kxf6 50. Bf8 Bc1 51. Kc2 Be3 52. h6 Kg6 53. Bg7 Kh7 54. Kd3 Kg6 55. Kc2 Kh7 56. b3 Bc5 57. b4 Be3 58. Bf8 Kg6 59. Bg7 Kh7 60. Bf8 d4 61. cxd4 Bxd4 62. Kb1 Bf6 63. Kc2 Bg5 64. Kd3 Bf6 65. Kc2 Bd4 66. Kd3 Be5 67. Kc2 Bd4 1/2-1/2

[Event "November 21 Early 2023"]
[Site "https://www.chess.com"]
[Date "2023.11.21"]
[Round "4"]
[White "Golubenko, Valentina"]
[Black "DonCiao"]
[Result "1-0"]
[Board "223"]
[TimeControl "180+1"]
[WhiteFideId "4501993"]
[WhiteElo "2126"]
[BlackElo "2122"]
[WhiteTeam "CRO"]
[WhiteClock "0:00:18"]
[BlackClock "0:00:03"]

1. d4 Nf6 2. g3 g6 3. Bg2 Bg7 4. c4 d5 5. Nc3 dxc4 6. Nf3 O-O 7. O-O c6 8. Ne5 Nd5 9. Nxc4 Nxc3 10. bxc3 Be6 11. Nd2 Qa5 12. Qc2 Nd7 13. e4 Nb6 14. f4 Nc4 15. Nb3 Qb6 16. Nc5 Bc8 17. Rb1 Qc7 18. f5 b6 19. Bf4 Qd8 20. Nb3 Na3 21. Qe2 Nxb1 22. Rxb1 a5 23. fxg6 hxg6 24. e5 Ba6 25. Qg4 Rc8 26. e6 Bd3 27. exf7+ Rxf7 28. Rd1 Bf5 29. Qe2 Qd7 30. Rd2 a4 31. Nc1 Qe6 32. Qf2 Qc4 33. Ne2 Bg4 34. Qe3 Bxe2 35. Rxe2 a3 36. Bh3 Rd8 37. Be6 Qb5 38. Bxf7+ Kxf7 39. Qe6+ Kf8 40. Qxe7+ Kg8 41. Qxd8+ Kh7 42. Qe7 Qb1+ 43. Kg2 Qd3 44. Bh6 Qxe2+ 45. Qxe2 Kxh6 46. Qe3+ Kh7 47. Qe6 c5 48. Qxb6 cxd4 49. cxd4 Kh6 50. d5 Be5 51. d6 Bxd6 52. Qxd6 Kg5 53. Qf4+ Kh5 54. Qh4# 1-0

[Event "November 21 Early 2023"]
[Site "https://www.chess.com"]
[Date "2023.11.21"]
[Round "4"]
[White "Matthes, Aaron"]
[Black "Fernandez Hernandez, Gerardo"]
[Result "1-0"]
[Board "224"]
[TimeControl "180+1"]
[WhiteFideId "16227310"]
[BlackFideId "2207400"]
[WhiteElo "2340"]
[BlackElo "2119"]
[WhiteTeam "GER"]
[BlackTeam "ESP"]
[WhiteClock "0:00:36"]
[BlackClock "0:00:06"]

1. g3 Nf6 2. Bg2 g6 3. b3 Bg7 4. Bb2 O-O 5. d3 d6 6. Nd2 e5 7. e4 a5 8. Ne2 a4 9. O-O a3 10. Bc1 b5 11. c4 c6 12. Qc2 Na6 13. Bxa3 b4 14. Bb2 Bg4 15. Rfe1 Qd7 16. d4 Rfe8 17. dxe5 dxe5 18. Nf1 Bxe2 19. Rxe2 Nc5 20. a3 bxa3 21. Bxa3 Ne6 22. Bb2 Nd4 23. Bxd4 Qxd4 24. Rd1 Qc5 25. Qc3 Ra3 26. Red2 Qb6 27. Rb1 Bf8 28. Qe3 Bc5 29. Qf3 Kg7 30. Rd3 Bd4 31. b4 Ra2 32. Ne3 Rea8 33. c5 Qb5 34. Bf1 Ra1 35. Rdd1 Rxb1 36. Bxb5 Rxd1+ 37. Nxd1 cxb5 38. Kg2 Ra2 39. Ne3 Ra3 40. Qe2 Rb3 41. Qxb5 Rb2 42. Kf3 g5 43. Nf5+ Kg6 44. Nxd4 exd4 45. c6 g4+ 46. Kg2 Nxe4 47. Qd3 Rxf2+ 48. Kg1 f5 49. Qxe4 fxe4 50. Kxf2 e3+ 51. Ke2 Kf5 52. c7 Ke4 53. c8=Q d3+ 54. Ke1 Kf3 55. Qf5+ Kg2 56. Qxd3 Kxh2 57. Qxe3 h5 58. b5 h4 59. gxh4 g3 60. Qxg3+ Kxg3 61. h5 1-0

[Event "November 21 Early 2023"]
[Site "https://www.chess.com"]
[Date "2023.11.21"]
[Round "4"]
[White "Fernandez Siles, Luis"]
[Black "udithj22"]
[Result "1-0"]
[Board "225"]
[TimeControl "180+1"]
[WhiteFideId "2209420"]
[WhiteElo "2195"]
[BlackElo "2108"]
[WhiteTeam "ESP"]
[WhiteClock "0:00:10"]
[BlackClock "0:00:00"]

1. d4 Nf6 2. c4 c5 3. d5 b5 4. Nd2 g6 5. e4 bxc4 6. Bxc4 d6 7. f4 Bg7 8. Ngf3 O-O 9. O-O a5 10. Qe1 Nbd7 11. Qh4 Nb6 12. f5 gxf5 13. Bd3 c4 14. Bc2 Nxe4 15. Nxe4 fxe4 16. Bxe4 f5 17. Ng5 h6 18. Ne6 Bxe6 19. dxe6 fxe4 20. Bxh6 Nd5 21. Qg5 Qb6+ 22. Kh1 Qd4 23. Rf7 Rxf7 24. exf7+ Kxf7 25. Bxg7 Qxg7 26. Qxd5+ e6 27. Qxa8 Qxb2 28. Rf1+ Kg6 29. Qxe4+ Kg7 30. Qg4+ Kh7 31. h3 Qe5 32. Rf7+ Kh6 33. Rf3 Qe1+ 34. Kh2 Qe5+ 35. Rg3 Qf6 36. Qg8 c3 37. Qc8 1-0